 Dungeon Crawl Stone Soup version 0.29.1-14-g9c671dbff4 (webtiles) character file.

Game seed: 2512180101587355066

104 bnorton916 the Magician (level 4, -5/24 HPs)
             Began as a Deep Elf Fire Elementalist on Feb 18, 2023.
             Killed from afar by Sigmund (7 damage)
             ... with a puff of flame
             ... on level 2 of the Dungeon.
             The game lasted 00:02:08 (1656 turns).

bnorton916 the Magician (DEFE)                      Turns: 1656, Time: 00:02:08

Health: -5/24      AC:  3    Str:  5    XL:     4   Next: 52%
Magic:  9/12       EV: 12    Int: 22    God:
Gold:   88         SH:  0    Dex: 15    Spells: 2/11 levels left

rFire   . . .      SeeInvis .   (no weapon)
rCold   . . .      Faith    .   (no shield)
rNeg    + . .      Spirit   .   i - +1 robe {rN+}
rPois   .          Reflect  .   (no helmet)
rElec   .          Harm     .   f - scarf {+Inv}
rCorr   .          Rampage  .   (no gloves)
Will    .....                   (no boots)
Stlth   +.........              (no amulet)
HPRegen 0.08/turn               (no ring)
MPRegen 0.13/turn               (no ring)

@: very slow
A: no striking features
a: Evoke Invisibility


You were on level 2 of the Dungeon.
You visited 1 branch of the dungeon, and saw 2 of its levels.

You collected 88 gold pieces.

Inventory:

Hand Weapons
 c - a +1 dagger of venom
 e - a +2 dagger of speed
 k - a +0 short sword of speed
Armour
 a - a +0 robe
 f - a scarf of invisibility (worn)
 i - a +1 robe of positive energy (worn)
Scrolls
 l - a scroll of noise {unknown}
Potions
 b - a potion of magic
 d - a potion of cancellation {unknown}
 g - a potion of curing {unknown}
 h - a potion of resistance {unknown}
 j - a potion of brilliance {unknown}


   Skills:
 - Level 2.4 Dodging
 - Level 2.4 Stealth
 - Level 4.3 Spellcasting
 - Level 2.7 Conjurations
 - Level 4.2 Fire Magic
 + Level 1.3 Ice Magic


You had 2 spell levels left.
You knew the following spells:

 Your Spells              Type           Power      Damage    Failure   Level
a - Foxfire               Conj/Fire      80%        2x1d8     2%          1
b - Scorch                Fire           46%        2d7       3%          2
c - Conjure Flame         Conj/Fire      20%        6-21      8%          3
d - Frozen Ramparts       Ice            20%        1d4       19%         3

Your spell library contained the following spells:

 Spells                   Type           Power      Damage    Failure   Level
 Freeze                   Ice            40%        1d6       6%          1
 Inner Flame              Hex/Fire       14%        N/A       14%         3
 Flame Wave               Conj/Fire      20%        2d7       26%         4
 Hailstorm                Conj/Ice       13%        3d5       43%         4


Dungeon Overview and Level Annotations

Branches:
Dungeon (2/15)

Altars:

Annotations:
D:2 Sigmund


Message History

A worm comes into view.
You enter the shallow water.
Moving in this stuff is going to be slow.
Why would you want to do that?
The adder hisses angrily.
Casting: Foxfire (safe; 2% risk of failure)
Confirm with . or Enter, or press ? or * to list all spells.
You conjure some foxfire!
The foxfire hits Sigmund but does no damage.
The foxfire hits Sigmund.
Sigmund is lightly wounded.
Sigmund gestures wildly while chanting.
Sigmund flickers and vanishes!
Deactivating autopickup; reactivate with Ctrl-A.
Casting: Foxfire (safe; 2% risk of failure)
Confirm with . or Enter, or press ? or * to list all spells.
You conjure some foxfire!
The adder barely misses you.
The foxfire hits the adder.
The adder is lightly wounded.
The foxfire hits the adder.
The adder is moderately wounded.
The adder is engulfed in a cloud of scalding steam.
You kill the adder!
Your Ice Magic skill increases to level 1!
Casting: Foxfire (safe; 2% risk of failure)
Confirm with . or Enter, or press ? or * to list all spells.
You conjure some foxfire!
You hear some strange, mumbled words.
A puff of flame appears from out of thin air!
The puff of flame hits you!
You are engulfed in a cloud of scalding steam.
The foxfire hits something. x2; Something hits you!
* * * LOW HITPOINT WARNING * * *
Found a dark potion.
Casting: Foxfire (safe; 2% risk of failure)
Confirm with . or Enter, or press ? or * to list all spells.
You conjure some foxfire!
A puff of flame appears from out of thin air!
The puff of flame hits you!
You die...

....#....#..~≈≈~....##
###.#....#.~~≈≈~.....#
#.# ##.#.~.~≈~...... !
#.# ....~≈~~...##. #.
#.~~≈w......
#.#######..~≈.~...#
###....).....~~~~..#
.####..###...~~~.v.#
........##...≈~≈@v.#
#.#####.##..≈≈≈§~..#
#..... ..#.~~≈§≈P~....#
#.....#....~~{≈≈~~..#.#
##...........~≈≈~~~.#
..
............~~≈≈≈~~...
.
#...........P≈≈≈~P~...
#....<......≈≈≈≈~PP...
#...........~≈≈≈≈~....


You could see a worm (ally target).

Vanquished Creatures
  Jessica (D:2)
  3 adders (D:2)
  2 gnolls (D:1)
  A bat (D:1)
  2 endoplasms
  4 giant cockroaches (D:1)
  3 hobgoblins (D:1)
  4 jackals (D:2)
  A ball python (D:1)
  A frilled lizard (D:1)
  6 goblins
  A kobold (D:2)
  2 rats (D:1)
31 creatures vanquished.

Vanquished Creatures (others)
  151 foxfires
  A plant (D:2)
152 creatures vanquished.

Grand Total: 183 creatures vanquished

Notes
Turn   | Place    | Note
-------+----------+-------------------------------------------
     0 | D:1      | bnorton916 the Deep Elf Fire Elementalist began the quest
                  | for the Orb.
     0 | D:1      | Reached XP level 1. HP: 10/10 MP: 6/6
    15 | D:1      | Reached XP level 2. HP: 15/15 MP: 4/8
   415 | D:1      | Reached XP level 3. HP: 19/19 MP: 7/10
  1154 | D:2      | Noticed Sigmund
  1188 | D:2      | Noticed Jessica
  1196 | D:2      | Killed Jessica
  1215 | D:2      | Learned a level 2 spell: Scorch
  1219 | D:2      | Learned a level 3 spell: Conjure Flame
  1238 | D:2      | Reached XP level 4. HP: 24/24 MP: 9/12
  1502 | D:2      | Learned a level 3 spell: Frozen Ramparts
  1653 | D:2      | Reached skill level 1 in Ice Magic
  1654 | D:2      | HP: 1/24 [something (7)]
  1656 | D:2      | Killed from afar by Sigmund

Illustrated notes

Levels and vault maps discovered:
D:1:      dpeg_arrival_tiny_j, layout_loops_cross
D:2:      layout_rooms, minmay_misc_feat_four_crosses, chequers_big_river,
          uniq_jessica, uniq_sigmund

Skill      XL: |  1  2  3  4 |
---------------+-------------+-----
Conjurations   | 2 |  2.7
Spellcasting   | 4 |  4.3
Fire Magic     | 4 |  4.2
Ice Magic      | 1 |  1.3
Dodging        | |  2.4
Stealth        | |  2.4

Action                   |  1- 3 |  4- 6 || total
-------------------------+-------+-------++-------
 Cast: Foxfire           |    66 |    28 ||    94
Armor: Robe              |     2 |     1 ||     3
Dodge: Dodged            |     6 |     8 ||    14
